 Dungeon Sprint DCSS version 0.31-a0-18-gea43df2a32 (webtiles) character file.

Game seed: 11012098708038911893

9204 sircluck the Brawler (level 11, 0/184 HPs)
             Began as a Troll Berserker on May 11, 2023.
             Was the Champion of Trog.
             Slain by a demonic crawler (18 damage)
             ... in the Dungeon (Sprint I: "Red Sonja").
             The game lasted 00:05:41 (1376 turns).

sircluck the Brawler (Troll Berserker)              Turns: 1376, Time: 00:05:42

Health: 0/184      AC:  4    Str: 29    XL:     11   Next: 20%
Magic:  7/7        EV: 12    Int:  1    God:    Trog [******]
Gold:   780        SH:  0    Dex:  7    Spells: 10/10 levels left

rFire   . .          .
                       - Unarmed
rCold   . . .        (no shield)
rNeg    . . .        a - +0 animal skin
rPois   .            (helmet restricted)
rElec   .            (no cloak)
rCorr   .            (gloves unavailable)
SInv    .            (boots unavailable)
Will    .....        (no amulet) Stlth
                     (no ring)
HPRegen 1.30/turn    (no ring)
MPRegen 0.10/turn

%: no teleportation
@: berserking, weak-willed, very quick
A: large, unfitting armour, claws 3, regeneration 1, shaggy fur 1, tough skin 1,
clumsy 1, dopey 1, low MP 2, weak 1, subdued magic 1
a: Renounce Religion, Berserk, Trog's Hand, Brothers in Arms


You were in the Dungeon.
You worshipped Trog.
Trog was exalted by your worship.
You visited 1 branch You collected 1424 gold pieces.
You spent 644 gold pieces at shops.

Inventory:

Missiles
 k - 5 curare-tipped darts (quivered)
 m - 4 javelins
Armour
 a - a +0 animal skin (worn)
Wands
 h - a wand of mindburst (1)
Scrolls
 l - a scroll of acquirement
Potions
 b - 4 potions of curing
 d - a potion of haste
 e - 2 potions of magic
 f - a potion of berserk rage
 i - a potion of brilliance {unknown}
 j - a potion of degeneration {unknown}


   Skills:
 + Level 12.3 Fighting
 + Level 0.2 Throwing
 + Level 12.3 Dodging
 + Level 2.4 Stealth
 + Level 18.6 Unarmed Combat
 + Level 1.9 Evocations


You had 10 spell levels left.
You didn't know any spells.
Your spell library was empty.

Dungeon Overview and Level Annotations

Branches:
Dungeon (1/1)

Altars:
Cheibriados
Dithmenos
Elyvilon
Fedhas
Gozag
Hepliaklqana
Kikubaaqudgha
Makhleb
Nemelex Xobeh
Okawaru
Qazlal
Ru
Sif Muna
Trog
Uskayaw
Vehumet
Wu Jian
Xom
Yredelemnul
Zin
The Shining One
Jiyva
Lugonu

Shops:
D *((**:[((=[([(*[(*?[*


Innate Abilities, Weirdness & Mutations

You are too large for most types of armour.
You have claws for hands.
Your natural rate of healing is unusually fast.
You are covered in fur. (AC +1)
You have tough skin. (AC +1)
You are clumsy. (Dex -2)
You are dopey. (Int -2)
Your magical capacity is very low. (-20% MP)
You are weak. (Str -2)
Your spells are a little easier to cast, but a little less powerful.


Message History

The soul eater hits you!
You mangle the kobold demonologist!!
You kill the kobold demonologist!
Trog accepts your kill.
Trog appreciates your killing of a magic user.
Trog grants you a weapon! Something appears at your feet!
You see here a +3 heavy short sword.
The soul eater disappears in a puff of smoke!
Things that are here:
a +2 dagger of freezing; a +0 robe You start resting.
HP restored.
You open the door. 4 demonic crawlers come into view.
The demonic crawler gives a hideous shriek! x3
You mangle the demonic crawler!!
The demonic crawler is heavily wounded.
The demonic crawler misses you.
The demonic crawler barely misses you. x2
You eviscerate the demonic crawler!!!
You kill the demonic crawler!
Trog accepts your kill. The demonic crawler hits you!
The demonic crawler barely misses you.
The demonic crawler hits you but does no damage.
The demonic crawler hits you. The demonic crawler hits you!
The demonic crawler barely misses you. The demonic crawler hits you!
The demonic crawler barely misses you. The demonic crawler hits you! x4
* * * LOW HITPOINT WARNING * * *
There is an open door, spattered with blood here.
The demonic crawler attacks as you move away!
The demonic crawler barely misses you. The demonic crawler hits you!
* * * LOW HITPOINT WARNING * * *
The demonic crawler hits you!
* * * LOW HITPOINT WARNING * * *
Okay, then.
As you read the scroll labelled YPERCHE BEUNEKLEEPS, it crumbles to dust.
Magic quickly surges around you.
It was a scroll of vulnerability.
A red film seems to cover your vision as you go berserk!
You feel yourself moving faster!
You feel mighty! The demonic crawler hits you!!
You die...

##################
.#..'..#__#..')).#
.').#..'..'..#.)s##+#
'#####'#__####..@ss.#
.#...#§####§.#####..+
##..##§#§§§.§#§.# +##
_##'#_.§~§~§.'..#
..'.)._#§)~..#..#
_##_.#'##)#####§###
_###'#.#..§.###.§.#
####.####'###(###§#
..'...'.....'.∩##.#


You could see 3 demonic crawlers.

Vanquished Creatures
  A centaur warrior (D)
  Sonja (D)
  A deep troll (D)
  An oklob plant (D)
  5 shining eyes (D)
  A demonic crawler (D)
  2 unseen horrors (D)
  2 kobold demonologists (D)
  A slime creature (D)
  Sigmund (D)
  A yak (D)
  2 redbacks (D)
  5 floating eyes (D)
  An ogre (D)
  7 necrophages (D)
  8 jellies (D)
  Ijyb (D)
41 creatures vanquished.

Vanquished Creatures (collateral kills)
  A centaur warrior (D)
  3 shining eyes (D)
  A hornet (D)
  A floating eye (D)
6 creatures vanquished.

Vanquished Creatures (others)
  2 ballistomycete spores (D)
2 creatures vanquished.

Grand Total: 49 creatures vanquished

Notes
Turn   | Place    | Note
-------+----------+-------------------------------------------
     0 | D        | sircluck the Troll Berserker began the quest for the Orb.
     0 | D        | Reached XP level 1. HP: 22/22 MP: 0/0
     1 | D        | Noticed Ijyb
    11 | D        | Killed Ijyb
    12 | D        | Reached skill level 4 in Unarmed Combat
    12 | D        | Reached XP level 2. HP: 32/32 MP: 1/1
    53 | D        | Noticed an ogre
    55 | D        | Killed an ogre
    56 | D        | Reached skill level 5 in Fighting
    56 | D        | Reached skill level 6 in Unarmed Combat
    56 | D        | Reached XP level 3. HP: 42/42 MP: 2/2
    56 | D        | Reached XP level 4. HP: 50/50 MP: 3/3
    67 | D        | Noticed Sigmund
    73 | D        | Killed Sigmund
    73 | D        | Reached ** piety under Trog
    74 | D        | Reached skill level 8 in Unarmed Combat
    74 | D        | Reached XP level 5. HP: 57/61 MP: 4/4
    91 | D        | Found an ornate altar of the Wu Jian Council.
    91 | D        | Found a shimmering blue altar of Sif Muna.
    93 | D        | Found a radiant altar of Vehumet.
    96 | D        | Reached XP level 6. HP: 68/68 MP: 5/5
   101 | D        | Noticed a centaur warrior
   102 | D        | Noticed a centaur warrior
   147 | D        | Found a burning altar of Makhleb.
   147 | D        | Found a viscous altar of Jiyva.
   147 | D        | Found a shimmering altar of Xom.
   147 | D        | Found a corrupted altar of Lugonu.
   147 | D        | Noticed a slime creature
   152 | D        | Killed a slime creature
   153 | D        | Reached skill level 9 in Unarmed Combat
   166 | D        | Found Yrphilu's Assorted Antiques.
   166 | D        | Found an ancient bone altar of Kikubaaqudgha.
   166 | D        | Found a hazy altar of Hepliaklqana.
   166 | D        | Found a stormy altar of Qazlal.
   166 | D        | Found a hide-covered altar of Uskayaw.
   166 | D        | Found a blossoming altar of Fedhas.
   166 | D        | Found a bloodstained altar of Trog.
   166 | D        | Found an iron altar of Okawaru.
   166 | D        | Found a basalt altar of Yredelemnul.
   166 | D        | Found a glowing golden altar of the Shining One.
   166 | D        | Found a snail-covered altar of Cheibriados.
   166 | D        | Found a sacrificial altar of Ru.
   166 | D        | Found a glowing silver altar of Zin.
   166 | D        | Found a shadowy altar of Dithmenos.
   166 | D        | Found a white marble altar of Elyvilon.
   166 | D        | Noticed a yak
   169 | D        | Killed a yak
   169 | D        | Reached *** piety under Trog
   170 | D        | Reached skill level 10 in Unarmed Combat
   170 | D        | Reached XP level 7. HP: 70/79 MP: 6/6
   170 | D        | Found an opulent altar of Gozag.
   171 | D        | Found a sparkling altar of Nemelex Xobeh.
   188 | D        | Noticed Sonja
   192 | D        | Killed Sonja
   193 | D        | Reached skill level 11 in Unarmed Combat
   193 | D        | Reached XP level 8. HP: 91/91 MP: 7/7
   281 | D        | Noticed a deep troll
   293 | D        | Killed a deep troll
   294 | D        | Reached skill level 12 in Unarmed Combat
   358 | D        | Found Qejeckeq's General Store.
   366 | D        | Bought a scroll of acquirement for 624 gold pieces
   367 | D        | Noticed a shining eye
   367 | D        | Noticed a shining eye
   367 | D        | Noticed a shining eye
   371 | D        | Reached **** piety under Trog
   372 | D        | Reached skill level 1 in Evocations
   372 | D        | Noticed a shining eye
   372 | D        | Noticed a shining eye
   372 | D        | Noticed a shining eye
   373 | D        | Gained mutation: You are clumsy. (Dex -2) [a shining eye]
   374 | D        | Reached skill level 13 in Unarmed Combat
   374 | D        | Paralysed by a floating eye for 3 turns
   376 | D        | Gained mutation: Your spells are a little easier to cast,
                  | but a little less powerful. [a shining eye]
   380 | D        | Killed a shining eye
   380 | D        | Paralysed by a floating eye for 4 turns
   381 | D        | Reached skill level 10 in Fighting
   381 | D        | Reached XP level 9. HP: 101/101 MP: 8/8
   384 | D        | Gained mutation: You are dopey. (Int -2) [a shining eye]
   387 | D        | Killed a shining eye
   388 | D        | Reached skill level 10 in Dodging
   388 | D        | Reached skill level 14 in Unarmed Combat
   389 | D        | Paralysed by a floating eye for 3 turns
   390 | D        | Gained mutation: You have hidden genetic defects. [a
                  | shining eye]
   393 | D        | Gained mutation: You are weak. (Str -2) [a shining eye]
   398 | D        | Lost intelligence.
   398 | D        | Gained mutation: You are very dopey. (Int -4) [a shining
                  | eye]
   399 | D        | Killed a shining eye
   401 | D        | Killed a shining eye
   402 | D        | Reached skill level 15 in Unarmed Combat
   402 | D        | Killed a shining eye
   403 | D        | Reached XP level 10. HP: 113/113 MP: 9/9
   404 | D        | Killed a shining eye
   404 | D        | Reached ***** piety under Trog
   406 | D        | Noticed a shining eye
   406 | D        | Noticed a shining eye
   407 | D        | Gained mutation: Your magical capacity is low. (-10% MP) [a
                  | shining eye]
   408 | D        | Gained mutation: Your spells are easier to cast, but less
                  | powerful. [a shining eye]
   408 | D        | Gained mutation: You occasionally shout uncontrollably at
                  | your foes. [hidden defects]
   410 | D        | Gained mutation: You have terrible hidden genetic defects.
                  | [a shining eye]
   412 | D        | Killed a shining eye
   413 | D        | Reached skill level 16 in Unarmed Combat
   414 | D        | Killed a shining eye
   619 | D        | Found Ynnoenoe's Antique Weapon Shoppe.
   619 | D        | Found Peaduem's Assorted Antiques.
   619 | D        | Found Wadokah's Weapon Emporium.
   619 | D        | Found Kevav's Book Boutique.
   640 | D        | Bought a puce potion for 20 gold pieces
   640 | D        | Lost mutation: You have terrible hidden genetic defects.
                  | [potion of mutation]
   640 | D        | Lost mutation: You have hidden genetic defects. [potion of
                  | mutation]
   640 | D        | Lost mutation: You are very dopey. (Int -4) [potion of
                  | mutation]
   640 | D        | Gained mutation: You are very weak. (Str -4) [potion of
                  | mutation]
   641 | D        | Lost mutation: You occasionally shout uncontrollably at
                  | your foes. [potion of mutation]
   641 | D        | Lost mutation: Your spells are easier to cast, but less
                  | powerful. [potion of mutation]
   641 | D        | Gained mutation: Your magical capacity is very low. (-20%
                  | MP) [potion of mutation]
   641 | D        | Lost mutation: You are very weak. (Str -4) [potion of
                  | mutation]
   687 | D        | Found Wogh's Armour Emporium.
   815 | D        | Killed a centaur warrior
   816 | D        | Reached skill level 1 in Stealth
   817 | D        | Paralysed by a hornet for 3 turns
   821 | D        | HP: 4/114 [poisoned by a hornet]
   825 | D        | Killed a centaur warrior
   826 | D        | Reached skill level 17 in Unarmed Combat
   921 | D        | Noticed an oklob plant
   925 | D        | Killed an oklob plant
   954 | D        | Received a gift from Trog
  1140 | D        | Reached skill level 18 in Unarmed Combat
  1208 | D        | Reached XP level 11. HP: 123/123 MP: 7/7
  1211 | D        | Reached ****** piety under Trog
  1220 | D        | Paralysed by a floating eye for 3 turns
  1237 | D        | Received a gift from Trog
  1260 | D        | Found Vekovoror's Antique Weapon Shoppe.
  1260 | D        | Found Pophewk's Armour Shop.
  1260 | D        | Found Qievieno's Weapon Boutique.
  1262 | D        | Found Ituzyzy's Jewellery Emporium.
  1262 | D        | Found Esmek's Armour Shop.
  1262 | D        | Found Deriv's Antique Weapon Shoppe.
  1262 | D        | Found Paduybosch's Antique Armour Boutique.
  1262 | D        | Found Ofyxompi's Antique Weapon Emporium.
  1262 | D        | Found Axair's General Store.
  1262 | D        | Found Reich's Armour Shoppe.
  1264 | D        | Found Zugechost's Antique Weapon Boutique.
  1265 | D        | Found Fikameh's Magic Scroll Emporium.
  1265 | D        | Found Erow's Assorted Antiques.
  1266 | D        | Found Conlom's General Store.
  1336 | D        | Noticed a soul eater
  1341 | D        | Received a gift from Trog
  1376 | D        | Slain by a demonic crawler

Illustrated notes

Levels and vault maps discovered:
D:        dungeon_sprint_1 [red_sonja_temple_1, red_sonja_temple_small_1]

Skill      XL: |  1  2  3  4  5  6  7  8  9 10 11 |
---------------+----------------------------------+-----
Fighting       | 3 5 6 7 8 10 11 12 | 12.3
Dodging        | 3 4 6 7 8 9 10 11 12 | 12.3
Unarmed Combat | 4 6 8 10 11 13 15 18 | 18.6
Evocations     | 1 |  1.9
Stealth        | 1 2 |  2.4
Throwing       | |  0.2

Action                     |  1- 3 |  4- 6 |  7- 9 | 10-12 || total
---------------------------+-------+-------+-------+-------++-------
  Melee: Unarmed           |    10 |    12 |    28 |    65 ||   115
         Punch             |       |       |     2 |     6 ||     8
  Throw: Dart              |       |       |       |     1 ||     1
 Invoke: Berserk           |     1 |       |     2 |     1 ||     4
         Brothers in Arms  |       |       |     1 |     1 ||     2
  Evoke: Wand              |     1 |     1 |       |     1 ||     3
    Use: Potion            |       |       |       |     4 ||     4
         Scroll            |       |       |       |     2 ||     2
   Stab: Distracted        |       |       |     1 |       ||     1
 Armour: Animal skin       |       |       |     1 |    22 ||    23
  Dodge: Dodged            |     1 |     6 |     3 |    29 ||    39

Table legend: (Time is in decaauts)
 A = Elapsed time spent in this place.
 B = Non-inter-level travel time spent in this place.
 C = Inter-level travel time spent in this place.
 D = Time resting spent in this place.
 E = Time spent auto-exploring this place.
 F = Levels seen in this place.
 G = Mean time per level.
                   A        B        C        D        E       F      G
               +--------+--------+--------+--------+--------+-----+--------+
         Total |   1507 |   1473 |     34 |    808 |    166 |   1 | 1507.0 |
       Dungeon |   1507 |   1473 |     34 |    808 |    166 |   1 | 1507.0 |
               +--------+--------+--------+--------+--------+-----+--------+

Top non-repeatable levels by time:
       D: 1507 daAuts
